 Dungeon Sprint DCSS version 0.16-a0-3803-gd4b2de5 (webtiles) character file.

746 PolkaDot the Martial Artist (level 7, 0/71 HPs)
             Began as a Green Draconian Monk on Jan 26, 2015.
             Was a Believer of Qazlal.
             Slain by a deep troll (17 damage)
             ... in the Dungeon (Sprint I: "Red Sonja").
             The game lasted 00:04:16 (1250 turns).

PolkaDot the Martial Artist (Green Draconian Monk)  Turns: 1250, Time: 00:04:16

Health: 0/71       AC:  6    Str: 13    XL:     7   Next: 48%
Magic:  7/7        EV: 16    Int: 12    God:    Qazlal [**....]
Gold:   605        SH:  2    Dex: 14    Spells: 0 memorised, 6 levels left

rFire  . . .     SeeInvis .       - Unarmed
rCold  . . .     Clarity  .     (armour unavailable)
rNeg   . . .     SustAb   .     (no shield)
rPois  +         Gourm    .     (helmet restricted)
rElec  .         Spirit   .     (no cloak)
rCorr  .         Warding  .     (no gloves)
rMut   .         NoTele   +     (no boots)
MR     .....                    (no amulet)
Stlth  ++........               (no ring)
                                (no ring)

@: short of breath, not resistant to hostile enchantments, unstealthy
A: breathe noxious fumes, unfitting armour, poison resistance, cold-blooded, AC
+6
a: Breathe Noxious Fumes, Upheaval, Renounce Religion


You were in the Dungeon.
You worshipped Qazlal.
Qazlal was pleased with you.
You were very hungry.

You visited 1 branch You collected 605 gold pieces.

Inventory:

Magical devices
 a - a wand of digging (10)
 d - a wand of random effects (23)
Scrolls
 h - a scroll of blinking
 i - a scroll of fog {unknown}
Potions
 c - 4 potions of curing
 e - a potion of haste
 f - 2 potions of magic
 g - a potion of berserk rage
 j - a potion of heal wounds
Comestibles
 b - a bread ration


   Skills:
 + Level 9.6 Fighting
 + Level 8.0 Dodging
 - Level 1.7 Stealth
 * Level 12.1 Unarmed Combat


You had 6 spell levels left.
You didn't know any spells.

Dungeon Overview and Level Annotations

Branches:
Dungeon (1/1)

Altars:
Cheibriados
Dithmenos
Elyvilon
Fedhas
Gozag
Kikubaaqudgha
Makhleb
Nemelex Xobeh
Okawaru
Qazlal
Ru
Sif Muna
Trog
Vehumet
Xom
Yredelemnul
Zin
The Shining One
Jiyva

Shops:
D =


Innate Abilities, Weirdness & Mutations

You can breathe blasts of noxious fumes.
Your lurid green scales are hard (AC +6).
Your body does not fit into most forms of armour.
Your system is resistant to poisons.
Your cold-blooded metabolism reacts poorly to cold.


Message History

* * * LOW HITPOINT WARNING * * *
You hit the deep troll.
You tail-slap the deep troll, but do no damage.
The deep troll is moderately wounded.
The deep troll is engulfed in noxious fumes.
The deep troll closely misses you. The deep troll barely misses you.
The deep troll claws you.
* * * LOW HITPOINT WARNING * * *
You catch the helpless deep troll completely off-guard!
You punch the deep troll!
The deep troll is moderately wounded.
The deep troll is engulfed in noxious fumes.
You punch the deep troll!
Your tail-slap misses the deep troll.
The deep troll is heavily wounded.
You hit the deep troll but do no damage.
You tail-slap the deep troll.
The deep troll is heavily wounded.
The deep troll barely misses you. The deep troll closely misses you.
The deep troll claws you!
You die...

#..#####'#####'#__#
#..####..#.(.#.####§§
#..#__####(.##[#§§≈§c
#..#_..__##(#..+≈≈≈§§
#⌠⌠#_.∩...'(.._#
####_..._##_(#'#
#_____###'#.#
#########.####+###
+...@T§§§$+
#...####### ###.###
#.#'#.# #.....#
#.[((.# #######


You could see a deep troll (confused).

Vanquished Creatures
  Sonja (D)
  A slime creature (D)
  A yak (D)
  An ogre (D)
  Sigmund (D)
  A jelly (D)
  Ijyb (D)
  3 ballistomycetes (D)
10 creatures vanquished.

Vanquished Creatures (others)
  A gargoyle (D)
  2 giant spores (D)
3 creatures vanquished.

Grand Total: 13 creatures vanquished

Notes
Turn   | Place    | Note
--------------------------------------------------------------
     0 | D        | PolkaDot, the Draconian Monk, began the quest for the Orb.
     0 | D        | Reached XP level 1. HP: 19/19 MP: 1/1
     2 | D        | Noticed Ijyb
    11 | D        | Killed Ijyb
    11 | D        | Reached skill level 5 in Unarmed Combat
    11 | D        | Reached XP level 2. HP: 20/28 MP: 2/2
    98 | D        | Noticed an ogre
   103 | D        | Killed an ogre
   103 | D        | Reached skill level 5 in Fighting
   103 | D        | Reached skill level 7 in Unarmed Combat
   103 | D        | Reached XP level 3. HP: 23/37 MP: 3/3
   103 | D        | Reached XP level 4. HP: 27/44 MP: 4/4
   215 | D        | Noticed Sigmund
   230 | D        | Killed Sigmund
   230 | D        | Reached skill level 5 in Dodging
   230 | D        | Reached skill level 8 in Unarmed Combat
   230 | D        | Reached XP level 5. HP: 24/51 MP: 5/5
   242 | D        | Killed a gargoyle
   397 | D        | Found a snail-covered altar of Cheibriados.
   397 | D        | Found a viscous altar of Jiyva.
   397 | D        | Found a shadowy altar of Dithmenos.
   397 | D        | Found a blossoming altar of Fedhas.
   397 | D        | Noticed a slime creature
   405 | D        | Killed a slime creature
   405 | D        | Reached skill level 10 in Unarmed Combat
   405 | D        | Reached XP level 6. HP: 52/61 MP: 6/6
   450 | D        | Found a deep blue altar of Sif Muna.
   451 | D        | Noticed a jelly
   452 | D        | Found a radiant altar of Vehumet.
   457 | D        | Killed a jelly
   608 | D        | Found Mustraatu's Jewellery Emporium.
   608 | D        | Found a white marble altar of Elyvilon.
   608 | D        | Found a stormy altar of Qazlal.
   608 | D        | Found a burning altar of Makhleb.
   608 | D        | Found a sacrificial altar of Ru.
   608 | D        | Found a basalt altar of Yredelemnul.
   608 | D        | Found a glowing golden altar of the Shining One.
   608 | D        | Found a sparkling altar of Nemelex Xobeh.
   608 | D        | Found a shimmering altar of Xom.
   608 | D        | Found an opulent altar of Gozag.
   608 | D        | Found an ancient bone altar of Kikubaaqudgha.
   608 | D        | Found a glowing silver altar of Zin.
   608 | D        | Noticed a yak
   623 | D        | Killed a yak
   623 | D        | Reached skill level 11 in Unarmed Combat
   623 | D        | Your scales start taking on a lurid green colour.
   623 | D        | Gained mutation: Your system is resistant to poisons. [draconian maturity]
   623 | D        | Reached XP level 7. HP: 22/70 MP: 7/7
   624 | D        | Found an iron altar of Okawaru.
   850 | D        | Found a bloodstained altar of Trog.
   856 | D        | Became a worshipper of Qazlal Stormbringer
   856 | D        | Acquired Qazlal's first power
   856 | D        | Acquired Qazlal's second power
   864 | D        | Noticed a centaur warrior
   867 | D        | Noticed Sonja
   894 | D        | Killed Sonja
   894 | D        | Reached skill level 12 in Unarmed Combat
  1240 | D        | Noticed a deep troll
  1250 | D        | Slain by a deep troll

Action                   |  1- 3 |  4- 6 |  7- 9 || total
-------------------------+-------+-------+-------++-------
Melee: Unarmed           |    14 |    39 |    28 ||    81
 Abil: Breathe Noxious F |       |       |     2 ||     2
  Use: Potion            |       |     1 |       ||     1
 Stab: Confused          |       |       |     2 ||     2
